 Dungeon Crawl Stone Soup version 0.17.2-1-ge4368a0 (webtiles) character file.

1817 Ladykiller69 the Cleaver (level 9, -4/65 HPs)
             Began as a Formicid Fighter on Sept 9, 2016.
             Was an Elder of Cheibriados.
             Slain by an orc warrior
             ... wielding a +0 halberd
              (10 damage)
             ... on level 6 of the Dungeon.
             The game lasted 00:14:40 (5380 turns).

Ladykiller69 the Cleaver (Formicid Fighter)         Turns: 5380, Time: 00:14:40

Health: -4/65      AC: 12    Str: 33    XL:     9   Next: 31%
Magic:  9/9        EV:  7    Int: 17    God:    Cheibriados [****..]
Gold:   261        SH: 13    Dex: 19    Spells: 0 memorised, 8 levels left

rFire  . . .     SeeInvis +     a - +1 war axe
rCold  + . .     Clarity  .     p - +1 plate armour
rNeg   . . .     SustAt   .     c - +0 shield
rPois  .         Gourm    +     (helmet unavailable)
rElec  .         Spirit   .     (no cloak)
rCorr  .         Warding  .     (no gloves)
rMut   .         Stasis   +     (no boots)
MR     +....                    z - amulet of the gourmand
Stlth  ..........               F - ring of protection from magic
                                v - ring of protection from cold

@: very slow, somewhat resistant to hostile enchantments, extremely unstealthy
A: permanent stasis, dig shafts and tunnels, four strong arms, antennae 3
a: Dig, Shaft Self, Bend Time, Temporal Distortion, Slouch, Renounce Religion


You were on level 6 of the Dungeon.
You worshipped Cheibriados.
Cheibriados was greatly pleased with you.
You were not hungry.

You visited 1 branch of the dungeon, and saw 6 of its levels.

You collected 261 gold pieces.

Inventory:

Hand Weapons
 a - a +1 war axe (weapon)
Missiles
 x - 7 tomahawks (quivered)
 y - 3 throwing nets
 H - 3 tomahawks of dispersal
Armour
 b - a +0 scale mail
 c - a +0 shield (worn)
 p - a +1 plate armour (worn)
Jewellery
 r - an uncursed ring of protection from magic
 v - a ring of protection from cold (left hand)
 z - an amulet of the gourmand (around neck)
 F - a ring of protection from magic (right hand)
 I - an uncursed ring of poison resistance {unknown}
 K - an uncursed ring of poison resistance {unknown}
Wands
 i - a wand of draining (6)
 j - a wand of frost (13)
 t - a wand of lightning (7)
Scrolls
 g - 4 scrolls of identify
 m - 2 scrolls of random uselessness {unknown}
 n - a scroll of remove curse
 o - 4 scrolls of amnesia
 u - 3 scrolls of enchant weapon
 A - a scroll of immolation {unknown}
 B - a scroll of noise {unknown}
 C - a scroll of magic mapping {unknown}
Potions
 d - a potion of might
 f - 2 potions of brilliance
 k - a potion of ambrosia {unknown}
 l - 2 potions of cancellation {unknown}
 q - a potion of agility {unknown}
 E - a potion of lignification {unknown}
Books
 D - a book of Ice

   Spells                             Type                      Level
   a - Ice Form                       Ice/Transmutation            4
   b - Metabolic Englaciation         Hexes/Ice                    5
   c - Ozocubu's Refrigeration        Ice                          6
   d - Bolt of Cold                   Conjuration/Ice              6
   e - Freezing Cloud                 Conjuration/Ice/Air          6
   f - Simulacrum                     Ice/Necromancy               6
 J - a book of Summonings

   Spells                             Type                      Level
   a - Recall                         Summoning/Translocation      3
   b - Aura of Abjuration             Summoning                    5
   c - Shadow Creatures               Summoning                    5
   d - Summon Demon                   Summoning                    5
   e - Summon Forest                  Summoning/Translocation      5
   f - Summon Mana Viper              Hexes/Summoning              5
Comestibles
 e - 3 bread rations
 s - 2 beef jerkies
 w - 2 meat rations
 G - a royal jelly


   Skills:
 - Level 4.0 Fighting
 * Level 9.2 Axes
 - Level 4.2 Armour
 + Level 8.4 Shields


You had 8 spell levels left.
You didn't know any spells.

Dungeon Overview and Level Annotations

Branches:
Dungeon (6/15)
 Temple: D:4-7

Altars:
Ashenzari
Cheibriados
Elyvilon
Gozag
Kikubaaqudgha
Okawaru
Qazlal
Ru
Sif Muna
Yredelemnul
Zin

Shops:
D:4 [


Innate Abilities, Weirdness & Mutations

You are under a permanent stasis effect.
You can dig through walls and to a lower floor.
Your four strong arms can wield two-handed weapons with a shield.
You have a pair of large antennae on your head (SInv).


Message History

Cheibriados thoroughly appreciates the change of pace.
The orc warrior hits you from afar with a halberd!
The orc priest hits you but does no damage.
You barely miss the orc priest.
The orc priest is severely wounded.
The orc warrior hits you from afar with a halberd!
* * * LOW HITPOINT WARNING * * *
The orc priest invokes the aid of Beogh against you.
Pain shoots through your body!
* * * LOW HITPOINT WARNING * * *
Drink which item? (? for menu, Esc to quit)
You feel better.
The orc priest casts a cantrip, but nothing happens.
The orc warrior hits you from afar with a halberd.
* * * LOW HITPOINT WARNING * * *
You hit the orc priest but do no damage.
The orc priest is severely wounded.
You block the orc priest's attack.
The orc warrior hits you from afar with a halberd!
You die...

.# .# .#
################.####
#?..>.....)..........
###....###...##.....##
......)@.....++.....#
###...o#.....##.....#
#..o.#....###.....#
#....#....# #.....#
#....#....# #.....#
#....#....# #.....#
#....#....# #.....#
######....# #.....#
##+#..####


You could see an orc warrior and an orc priest.

Vanquished Creatures
  Grinder (D:4)
  The ghost of Ladykiller69 the Shield-Bearer, an amateur FoFi (D:3)
  An ice beast (D:5)
  A sky beast (D:5)
  A phantom (D:5)
  A giant frog (D:6)
  3 scorpions
  3 wights (D:6)
  A crimson imp (D:5)
  5 orc priests
  2 jellies (D:5)
  3 giant frog skeletons (D:5)
  Jessica (D:3)
  2 iguanas
  4 hounds
  2 orc wizards
  2 worker ants (D:5)
  2 hound skeletons (D:4)
  8 adders
  3 gnolls (D:3)
  4 worms
  2 giant geckos
  16 orcs
  A ball python (D:4)
  4 giant cockroaches
  4 hobgoblins
  14 jackals
  5 quokkas
  11 bats
  A giant gecko zombie (D:6)
  5 giant newts
  9 goblins
  2 jackal skeletons
  10 kobolds
  A quokka zombie (D:5)
  28 rats
164 creatures vanquished.

Notes
Turn   | Place    | Note
--------------------------------------------------------------
     0 | D:1      | Ladykiller69 the Formicid Fighter began the quest for the Orb.
     0 | D:1      | Reached XP level 1. HP: 18/18 MP: 1/1
   449 | D:1      | Reached XP level 2. HP: 21/24 MP: 2/2
   800 | D:1      | Reached skill level 4 in Shields
   909 | D:2      | Reached XP level 3. HP: 29/29 MP: 3/3
   963 | D:2      | Found a white marble altar of Elyvilon.
  1113 | D:2      | Found a faded altar to an unknown god.
  1192 | D:2      | Reached XP level 4. HP: 15/35 MP: 4/4
  1489 | D:2      | Found a stormy altar of Qazlal.
  1682 | D:2      | Found a snail-covered altar of Cheibriados.
  1794 | D:2      | Became a worshipper of Cheibriados the Contemplative
  1926 | D:2      | Reached XP level 5. HP: 38/42 MP: 5/5
  2013 | D:3      | Found a shattered altar of Ashenzari.
  2035 | D:3      | Noticed Jessica
  2050 | D:3      | You fall through a shaft!
  2455 | D:4      | Found a basalt altar of Yredelemnul.
  2553 | D:4      | Reached XP level 6. HP: 48/48 MP: 6/6
  2673 | D:4      | Noticed Grinder
  2721 | D:3      | Reached skill level 5 in Shields
  2723 | D:3      | Reached * piety under Cheibriados
  2739 | D:3      | Noticed Ladykiller69's ghost (amateur FoFi)
  3159 | D:3      | Killed Ladykiller69's ghost
  3159 | D:3      | Reached skill level 5 in Axes
  3159 | D:3      | Reached XP level 7. HP: 33/54 MP: 7/7
  3351 | D:3      | Reached ** piety under Cheibriados
  3416 | D:3      | Found a deep blue altar of Sif Muna.
  3416 | D:3      | Found an iron altar of Okawaru.
  3457 | D:3      | Killed Jessica
  3560 | D:4      | Reached skill level 6 in Shields
  3652 | D:4      | Found Leuvam's Armour Shoppe.
  3723 | D:4      | Found a glowing silver altar of Zin.
  3726 | D:4      | Found an opulent altar of Gozag.
  3729 | D:4      | Found a sacrificial altar of Ru.
  3824 | D:4      | Killed Grinder
  3824 | D:4      | Reached XP level 8. HP: 38/60 MP: 8/8
  3892 | D:5      | Entered Level 5 of the Dungeon
  3947 | D:5      | Found an ancient bone altar of Kikubaaqudgha.
  4242 | D:5      | Reached skill level 7 in Axes
  4386 | D:5      | Reached *** piety under Cheibriados
  4739 | D:5      | Reached skill level 8 in Axes
  4794 | D:5      | Reached XP level 9. HP: 65/65 MP: 9/9
  5314 | D:6      | Reached skill level 9 in Axes
  5364 | D:6      | Reached **** piety under Cheibriados
  5378 | D:6      | HP: 1/65 [orc priest/nerve-wracking pain (7)]
  5380 | D:6      | Slain by an orc warrior

Action                   |  1- 3 |  4- 6 |  7- 9 || total
-------------------------+-------+-------+-------++-------
Melee: War axe           |   143 |   201 |   228 ||   572
 Abil: Dig               |       |     5 |     8 ||    13
       Shaft Self        |       |     1 |       ||     1
  Use: Scroll            |       |     8 |     1 ||     9
       Potion            |       |     1 |     2 ||     3
  Eat: Chunk             |     1 |     7 |     6 ||    14
